 Dungeon Crawl Stone Soup version 0.30.1-9-gdf580d7c3d (webtiles) character file.

Game seed: 4870911904244941634

362 Tali the Chopper (level 6, -1/48 HPs)
             Began as a Demonspawn Chaos Knight on Oct 22, 2023.
             Was a Plaything of Xom.
             Slain by Grinder the apocalypse crab (5 damage)
             ... while petrified by you
             ... on level 4 of the Dungeon.
             The game lasted 00:06:40 (3155 turns).

Tali the Chopper (Demonspawn Chaos Knight)          Turns: 3155, Time: 00:06:41

Health: -1/48      AC: 13    Str: 18    XL:     6   Next: 39%
Magic:  6/6        EV:  2    Int: 16    God:    Xom [.....*]
Gold:   209        SH:  0    Dex: 10    Spells: 5/5 levels left

rFire   . . .        a - +0 hand axe (chaos)
rCold   . . .        (no shield)
rNeg    + + +        n - +3 leather armour
rPois   ∞            (helmet restricted)
rElec   .            b - +1 cloak {Will+}
rCorr   .            (no gloves)
SInv    .            u - +2 pair of boots
Will    +....        (no amulet)
Stlth   +            (no ring)
HPRegen 0.28/turn    (no ring)
MPRegen 0.10/turn

%: no passive effects
@: agile, petrified, hasted
A: horns 2, icy blue scales 1, demonic magic 1, clever 1, strong 1
a: Renounce Religion


You were on level 4 of the Dungeon.
You worshipped Xom.
You were Xom's teddy bear.
You visited 1 branch of the dungeon, and saw 5 of its levels.

You collected 209 gold pieces.

Inventory:

Hand Weapons
 a - a +0 hand axe of chaos (weapon)
 f - a +0 hand axe of freezing
 o - a +0 sling
 w - the +8 dagger "Pendulum" {drain, rElec Str+6 Int+3}
   (You found it on level 4 of the Dungeon)

   Str:       It affects your strength (+6).
   Int:       It affects your intelligence (+3).
   rElec:     It insulates you from electricity.
Armour
 b - a +1 cloak of willpower (worn)
 n - a +3 leather armour (worn)
 u - a +2 pair of boots (worn)
Scrolls
 g - 2 scrolls of noise
 h - 2 scrolls of enchant armour
 i - a scroll of immolation
 j - 2 scrolls of teleportation
 k - a scroll of acquirement {unknown}
 m - a scroll of brand weapon {unknown}
 q - a scroll of vulnerability {unknown}
Potions
 d - a potion of haste {unknown}
 e - a potion of mutation
 l - 3 potions of attraction
 p - 5 potions of curing
 s - a potion of resistance {unknown}
 t - a potion of cancellation {unknown}
 v - 2 potions of lignification
Miscellaneous
 c - a piece from Xom's chessboard (14/15) (quivered)


   Skills:
 + Level 3.8 Fighting
 + Level 5.1 Axes
 + Level 2.6 Armour
 + Level 2.3 Dodging
 + Level 1.4 Stealth


You had 5 spell levels left.
You didn't know any spells.
Your spell library contained the following spells:

 Spells                   Type           Power      Damage    Failure   Level
 Beastly Appendage        Tmut           0%         N/A       30%         1
 Wereblood                Tmut           0%         N/A       41%         2
 Spider Form              Tmut/Pois      0%         N/A       65%         3


Dungeon Overview and Level Annotations

Branches:
Dungeon (5/15)
 Temple: D:4-7

Altars:
Dithmenos
Gozag
Ru
Vehumet

Shops:
D:1 *=((

Annotations:
D:4 Grinder


Innate Abilities, Weirdness & Mutations

You have a pair of horns on your head.
You are partially covered in icy blue scales. (AC +2)
Spells you cast may paralyse adjacent enemies.
Your mind is acute. (Int +4, Str/Dex -1)
Your muscles are strong. (Str +4, Int/Dex -1)


Message History

You are now a plaything of Xom.
Grinder zaps a wand.
The roots erupt in riotous growth!
The grasping roots grab you! The grasping roots constrict you.
You escape the roots grasp.
Grinder says, "You look like you could use a good racking."
You hear Xom's avuncular chuckle.
Grinder evaporates and reforms as an apocalypse crab!
You are now Xom's teddy bear.
Grinder breathes chaos at you. The blast of chaos engulfs you!
You are engulfed in seething chaos.
Grinder breathes chaos at you. The blast of chaos engulfs you.
* * * LOW HITPOINT WARNING * * *
You are engulfed in seething chaos.
You are slowing down.
Grinder is engulfed in seething chaos.
Your limbs are stiffening.
You feel better. Grinder breathes chaos at you.
The blast of chaos engulfs you but does no damage.
Grinder is engulfed in seething chaos.
Grinder suddenly seems more resistant.
Grinder closely misses you. Grinder claws you. Grinder freezes you!!
* * * LOW HITPOINT WARNING * * *
You have turned to stone.
You are engulfed in seething chaos.
You feel agile all of a sudden.
Grinder is engulfed in seething chaos.
Grinder breathes chaos at you.
The blast of chaos engulfs you but does no damage.
You resist.
You are engulfed in seething chaos.
You feel yourself speed up.
Grinder is engulfed in seething chaos.
Grinder bites you but does no damage. Grinder claws you but does no damage.
Grinder bites you but does no damage. Grinder claws you but does no damage.
Grinder bites you.
* * * LOW HITPOINT WARNING * * *
Grinder shocks you!
You die...
Xom giggles madly!

................########## #.
.........#..############## #.
.........................########
........#..#############.........
........##...........#########...
#....#.###............#####....#.
.....#.##...................####.
#....................####'#### #.
#......#........@....#.....).# #.
...............t.....#.⌠...⌠.# ##
.##.#................#.).....####
###........./........'...⌠...+..#
##...(.............#.......##..
###.)..[.....>###...#.⌠...⌠.##..
##......<.[....###.#.#.......#..[
......#..[[......#.#.####+####.##
...#####.......#....#........###.


You could see Grinder the apocalypse crab (resistant).

Vanquished Creatures
  A hound (D:4)
  Crazy Yiuf (D:2)
  4 orc wizards
  7 adders
  2 worms
  6 dart slugs
  9 orcs
  5 bats
  7 endoplasms
  2 giant cockroaches
  11 goblins
  8 hobgoblins
  2 jackals (D:3)
  4 kobolds
  6 quokkas
  13 ball pythons
  2 frilled lizards
  8 rats
98 creatures vanquished.

Vanquished Creatures (collateral kills)
  2 adders (D:3)
  A hobgoblin (D:3)
  A jackal (D:3)
4 creatures vanquished.

Grand Total: 102 creatures vanquished

Notes
Turn   | Place    | Note
-------+----------+-------------------------------------------
     0 | D:1      | Tali the Demonspawn Chaos Knight began the quest for the
                  | Orb.
     0 | D:1      | Reached XP level 1. HP: 18/18 MP: 1/1
    76 | D:1      | Reached skill level 3 in Axes
    76 | D:1      | Gained mutation: You are partially covered in icy blue
                  | scales. (AC +2) [demonic ancestry]
    76 | D:1      | Reached XP level 2. HP: 24/24 MP: 2/2
   112 | D:1      | Found Casseqor's General Store.
   360 | D:1      | Found a transporter.
   361 | D:1      | Found Okok's Jewellery Shoppe.
   369 | D:1      | Reached skill level 1 in Dodging
   378 | D:1      | Found a transporter.
   534 | D:1      | XOM: silly message
   548 | D:1      | Gained mutation: Spells you cast may paralyse adjacent
                  | enemies. [demonic ancestry]
   548 | D:1      | Reached XP level 3. HP: 29/29 MP: 3/3
   608 | D:1      | Found Sicoch's Weapon Shoppe.
   623 | D:1      | Found Waichoum's Antique Weapon Shop.
   978 | D:2      | Found a radiant altar of Vehumet.
  1031 | D:2      | Found a runed translucent door.
  1032 | D:2      | Noticed Crazy Yiuf
  1190 | D:2      | XOM: 4-stop teleportation journey
  1259 | D:2      | Reached XP level 4. HP: 29/35 MP: 4/4
  1521 | D:2      | Gained mutation: Your muscles are strong. (Str +4, Int/Dex
                  | -1) [potion of mutation]
  1521 | D:2      | Gained mutation: Your mind is acute. (Int +4, Str/Dex -1)
                  | [potion of mutation]
  1531 | D:2      | Killed Crazy Yiuf
  1736 | D:3      | Reached skill level 4 in Axes
  1761 | D:3      | Found a sacrificial altar of Ru.
  1772 | D:3      | Found a shadowy altar of Dithmenos.
  1868 | D:3      | Gained mutation: You have a pair of small horns on your
                  | head. [demonic ancestry]
  1868 | D:3      | Reached XP level 5. HP: 41/41 MP: 5/5
  1986 | D:3      | XOM: summons friendly quasit
  2018 | D:3      | Found an opulent altar of Gozag.
  2077 | D:3      | XOM: 2-stop teleportation journey
  2101 | D:3      | XOM: god gift: scroll labelled ROXINW KAVAMOU {god gift}
  2256 | D:3      | XOM: god gift: leather armour {god gift}
  2294 | D:3      | XOM: 3-stop teleportation journey
  2369 | D:3      | Reached skill level 1 in Stealth
  2417 | D:3      | XOM: confuse monster(s)
  2491 | D:4      | Gained mutation: You have a pair of horns on your head.
                  | [demonic ancestry]
  2491 | D:4      | Reached XP level 6. HP: 32/48 MP: 6/6
  2836 | D:4      | Identified the +8 dagger "Pendulum" {drain, rElec Str+6
                  | Int+3}
  3025 | D:4      | Reached skill level 5 in Axes
  3130 | D:5      | Entered Level 5 of the Dungeon
  3130 | D:5      | Noticed Grinder
  3138 | D:4      | XOM: silly message
  3142 | D:4      | XOM: silly message
  3146 | D:4      | Grinder changed into Grinder the apocalypse crab
  3146 | D:4      | Noticed Grinder
  3146 | D:4      | XOM: polymorph Grinder -> Grinder the apocalypse crab
  3155 | D:4      | Slain by Grinder the apocalypse crab

Illustrated notes

Levels and vault maps discovered:
D:1:      psy_arrival_radial01, layout_basic, serial_shops,
          nicolae_shop_bloodbath_and_beyond, nicolae_shop_drivethru,
          nicolae_shop_temple_entry_statues_fountains, shop,
          hangedman_feature_mirror
D:2:      layout_basic, basic_altar, uniq_crazy_yiuf_cottage
D:3:      minmay_inner_zag, layout_basic, grunt_temple_overflow_open,
          nicolae_gozag_cash_rules_everything_around_me,
          kennysheep_generic_room_11
D:4:      layout_rooms, minmay_fountain_box
D:5:      layout_cave_pools, minmay_temple_entry_trees, serial_shops,
          kennysheep_mini_moat, uniq_grinder

Skill      XL: |  1  2  3  4  5  6 |
---------------+-------------------+-----
Axes           | 3 4 5 |  5.1
Armour         | 2 |  2.6
Dodging        | 1 2 |  2.3
Stealth        | 1 |  1.4
Fighting       | |  3.8

Action                     |  1- 3 |  4- 6 || total
---------------------------+-------+-------++-------
  Melee: Hand axe          |   119 |   153 ||   272
         Punch             |     3 |       ||     3
         Headbutt          |       |    11 ||    11
  Throw: Dart              |       |     2 ||     2
  Evoke: Piece from Xom's  |       |     1 ||     1
    Use: Potion            |       |     4 ||     4
         Scroll            |       |     8 ||     8
   Stab: Sleeping          |     1 |     3 ||     4
         Petrified         |     2 |     2 ||     4
         Petrifying        |       |     1 ||     1
 Armour: Leather armour    |    52 |   107 ||   159
  Dodge: Dodged            |    93 |   110 ||   203
